3AA
SAN ANTONIO BC @ SALEM MISFITS
06/30/2024
 
TOP OF THE 1ST
San Antonio BC batting - Pitching for Salem Misfits : RHP Frank Veeck
Pitching: RHP Frank Veeck
Batting: RHB Marvin Hayes 0-0: Ball
1-0: Called Strike
1-1: Foul Ball, location: 2F
1-2: Ground out 6-3 (Groundball, 6)
Batting: SHB Ricardo Pérez 0-0: Foul Ball, location: 2F
0-1: Fly out, F7 (Flyball, 78S)
Batting: RHB Alfredo Rivera 0-0: Called Strike
0-1: Called Strike
0-2: Hit by Pitch
Batting: LHB Miguel García 0-0: Ball
1-0: Called Strike
1-1: Ball
2-1: Foul Ball, location: 2F
2-2: Ball
3-2: SINGLE (Flyball, 7M)
Alfredo Rivera to second
Alfredo Rivera to third
Batting: RHB Dennis Morrow 0-0: Ball
1-0: Ball
2-0: Ball
3-0: Base on Balls
Miguel García to second
Batting: RHB António Sánchez 0-0: Called Strike
0-1: Ball
1-1: Swinging Strike
1-2: SINGLE (Line Drive, 4MD)
Alfredo Rivera scores
Miguel García to third
Dennis Morrow to second
Runner from 3rd tries for Home, SAFE, no throw or cutoff
Batting: RHB León Cabrera 0-0: Ball
1-0: Ball
2-0: Ball
3-0: Called Strike
3-1: DOUBLE (Line Drive, 89D)
Dennis Morrow scores
António Sánchez to third
Runner from 3rd tries for Home, SAFE, no throw or cutoff
Pinch Runner at 2nd Jake Castle:
Batting: RHB Martín Álvarez 0-0: Ball
1-0: Called Strike
1-1: Foul Ball, location: 2F
1-2: Ball
2-2: Strikes out swinging
Top of the 1st over - 4 run(s), 3 hit(s), 0 error(s), 1 left on base; San Antonio 4 - Salem 0
BOTTOM OF THE 1ST
Salem Misfits batting - Pitching for San Antonio BC : LHP Jamie Scott
Pitching: LHP Jamie Scott
Now at C: Jake Castle
Batting: RHB Jesús Cisneros 0-0: Called Strike
0-1: Ball
1-1: Fly out, F6 (Popup, 6MD)
Batting: RHB Raúl Reyna 0-0: Called Strike
0-1: Ball
1-1: SINGLE (Line Drive, 6MD)
Batting: RHB Steve Duncan 0-0: Called Strike
0-1: Ground out 6-3 (Groundball, 6MS)
Raúl Reyna to second
Batting: LHB José Corona 0-0: Fly out, F8 (Line Drive, 8RD)
Bottom of the 1st over - 0 run(s), 1 hit(s), 0 error(s), 1 left on base; San Antonio 4 - Salem 0
TOP OF THE 2ND
San Antonio BC batting - Pitching for Salem Misfits : RHP Frank Veeck
Batting: RHB Rodney Hanna 0-0: Ball
1-0: Foul Ball, location: 2F
1-1: Ball
2-1: Ground out 4-3 (Groundball, 4)
Batting: RHB Marvin Hayes 0-0: Ball
1-0: Called Strike
1-1: Ball
2-1: Ball
3-1: Foul Ball, location: 2F
3-2: Base on Balls
Batting: SHB Ricardo Pérez 0-0: Ball
1-0: Fielders Choice at 2nd, 4-6 (Groundball, 4)
Batting: RHB Alfredo Rivera 0-0: Ball
1-0: Foul Ball, location: 2F
1-1: Ball
2-1: Ball
3-1: DOUBLE (Flyball, 8RXD)
Ricardo Pérez to third
Batting: LHB Miguel García 0-0: Swinging Strike
0-1: Ball
1-1: Swinging Strike
1-2: Ball
2-2: Strikes out swinging
Top of the 2nd over - 0 run(s), 1 hit(s), 0 error(s), 2 left on base; San Antonio 4 - Salem 0
BOTTOM OF THE 2ND
Salem Misfits batting - Pitching for San Antonio BC : LHP Jamie Scott
Batting: SHB Fernando Sánchez 0-0: Called Strike
0-1: Ball
1-1: Ground out 5-3 (Groundball, 56)
Batting: RHB Ernesto Souza 0-0: Ball
1-0: Foul Ball, location: 2F
1-1: Ground out 4-3 (Groundball, 4)
Batting: LHB Brent van Schoonhoven 0-0: Called Strike
0-1: Swinging Strike
0-2: Ball
1-2: Ball
2-2: Foul Ball, location: 2F
2-2: Foul Ball, location: 2F
2-2: Ground out 4-3 (Groundball, 4M)
Bottom of the 2nd over - 0 run(s), 0 hit(s), 0 error(s), 0 left on base; San Antonio 4 - Salem 0
TOP OF THE 3RD
San Antonio BC batting - Pitching for Salem Misfits : RHP Frank Veeck
Batting: RHB Dennis Morrow 0-0: Ball
1-0: Foul Ball, location: 2F
1-1: Ball
2-1: Fly out, F8 (Flyball, 8RD)
Batting: RHB António Sánchez 0-0: Ground out 6-3 (Groundball, 6M)
Batting: RHB Jake Castle 0-0: Ball
1-0: Foul Ball, location: 2F
1-1: Ball
2-1: Ground out U3 (Groundball, 3S)
Top of the 3rd over - 0 run(s), 0 hit(s), 0 error(s), 0 left on base; San Antonio 4 - Salem 0
BOTTOM OF THE 3RD
Salem Misfits batting - Pitching for San Antonio BC : LHP Jamie Scott
Batting: RHB Ramón Ávila 0-0: Ball
1-0: DOUBLE (Popup, 3D)
Batting: RHB Héctor Cantú 0-0: Ball
1-0: Foul Ball, location: 2F
1-1: Called Strike
1-2: Ball
2-2: Fly out, F8 (Flyball, 8RS)
Batting: RHB Jesús Cisneros 0-0: Called Strike
0-1: Ball
1-1: Foul Ball, location: 2F
1-2: Foul Ball, location: 2F
1-2: Ball
2-2: Ball
3-2: Foul Ball, location: 2F
3-2: SINGLE (Groundball, 4MD)
Ramón Ávila to third
Batting: RHB Raúl Reyna 0-0: Ball
1-0: Ball
2-0: Foul Ball, location: 2F
2-1: SINGLE (Groundball, 23) (infield hit)
Jesús Cisneros to second
Batting: RHB Steve Duncan 0-0: Called Strike
0-1: SINGLE (Line Drive, 6)
Ramón Ávila scores
Jesús Cisneros to third
Raúl Reyna to second
Runner from 3rd tries for Home, SAFE, no throw or cutoff
Batting: LHB José Corona 0-0: Called Strike
0-1: SINGLE (Groundball, 4M)
Raúl Reyna to third
Steve Duncan to second
Runner from 3rd tries for Home, SAFE, throw made home
Steve Duncan to third
José Corona to second
Batting: SHB Fernando Sánchez 0-0: Ball
1-0: Ball
2-0: Called Strike
2-1: Fly out, F2 (Popup, 23F)
Batting: RHB Ernesto Souza 0-0: Ball
1-0: Ball
2-0: Ball
3-0: Called Strike
3-1: Foul Ball, location: 2F
3-2: Ground out 6-3 (Groundball, 6M)
Bottom of the 3rd over - 3 run(s), 5 hit(s), 0 error(s), 2 left on base; San Antonio 4 - Salem 3
TOP OF THE 4TH
San Antonio BC batting - Pitching for Salem Misfits : RHP Frank Veeck
Batting: RHB Martín Álvarez 0-0: SINGLE (Groundball, 56D)
Batting: RHB Rodney Hanna 0-0: Swinging Strike
0-1: Ball
1-1: Swinging Strike
1-2: Ball
2-2: SINGLE (Groundball, 56D)
Martín Álvarez to second
Batting: RHB Marvin Hayes 0-0: Foul Ball, location: 2F
0-1: SINGLE (Line Drive, 6D)
Martín Álvarez to third
Rodney Hanna to second
Batting: SHB Ricardo Pérez 0-0: Ball
Wild Pitch!
Martín Álvarez scores
Rodney Hanna to third
Marvin Hayes to second
1-0: Foul Ball, location: 2F
1-1: Swinging Strike
1-2: Ball
2-2: Fly out, F7 (Flyball, 7M)
Runner from 3rd tags up, SCORES, no throw
Pitching: RHP Edgardo Alvarado
Batting: RHB Alfredo Rivera 0-0: Called Strike
0-1: Foul Ball, location: 2F
0-2: Ball
1-2: Strikes out looking
Batting: LHB Miguel García 0-0: Ground out 4-3 (Groundball, 4)
Top of the 4th over - 2 run(s), 3 hit(s), 0 error(s), 1 left on base; San Antonio 6 - Salem 3
BOTTOM OF THE 4TH
Salem Misfits batting - Pitching for San Antonio BC : LHP Jamie Scott
Batting: LHB Brent van Schoonhoven 0-0: Called Strike
0-1: Fly out, F8 (Flyball, 8LXD)
Batting: RHB Ramón Ávila 0-0: Ball
1-0: Called Strike
1-1: Ball
2-1: Foul Ball, location: 2F
2-2: Foul Ball, location: 2F
2-2: Ground out 6-3 (Groundball, 6)
Batting: RHB Héctor Cantú 0-0: Ball
1-0: Called Strike
1-1: DOUBLE (Line Drive, 89M)
Batting: RHB Jesús Cisneros 0-0: Ball
1-0: Foul Ball, location: 2F
1-1: Called Strike
1-2: Ball
2-2: Ball
3-2: Base on Balls
Batting: RHB Raúl Reyna 0-0: Ball
1-0: Ball
2-0: Ball
3-0: Base on Balls
Héctor Cantú to third
Jesús Cisneros to second
Batting: RHB Steve Duncan 0-0: Called Strike
0-1: Ball
1-1: Swinging Strike
1-2: Foul Ball, location: 2F
1-2: SINGLE (Groundball, 6MD)
Héctor Cantú scores
Jesús Cisneros to third
Raúl Reyna to second
Runner from 3rd tries for Home, SAFE, no throw or cutoff
Pitching: RHP Chris Smith
Batting: LHB José Corona 0-0: Ball
1-0: Foul Ball, location: 2F
1-1: Called Strike
1-2: Foul Ball, location: 2F
1-2: Ball
2-2: Ball
3-2: Base on Balls
Raúl Reyna to third
Steve Duncan to second
Batting: SHB Fernando Sánchez 0-0: Called Strike
0-1: Ball
1-1: Foul Ball, location: 2F
1-2: Strikes out swinging
Bottom of the 4th over - 2 run(s), 2 hit(s), 0 error(s), 3 left on base; San Antonio 6 - Salem 5
TOP OF THE 5TH
San Antonio BC batting - Pitching for Salem Misfits : RHP Edgardo Alvarado
Batting: RHB Dennis Morrow 0-0: Ball
1-0: Ball
2-0: Swinging Strike
2-1: Foul Ball, location: 2F
2-2: Fly out, F8 (Flyball, 8RD)
Batting: RHB António Sánchez 0-0: Called Strike
0-1: Foul Ball, location: 2F
0-2: Ball
1-2: Ball
2-2: Fly out, F5 (Popup, 25)
Batting: RHB Jake Castle 0-0: Ball
1-0: Foul Ball, location: 2F
1-1: Called Strike
1-2: Foul Ball, location: 2F
1-2: Foul Ball, location: 2F
1-2: Fly out, F9 (Flyball, 89M)
Top of the 5th over - 0 run(s), 0 hit(s), 0 error(s), 0 left on base; San Antonio 6 - Salem 5
BOTTOM OF THE 5TH
Salem Misfits batting - Pitching for San Antonio BC : RHP Chris Smith
Batting: RHB Ernesto Souza 0-0: Ball
1-0: Swinging Strike
1-1: Ball
2-1: Swinging Strike
2-2: Ball
3-2: Base on Balls
Batting: LHB Brent van Schoonhoven 0-0: Called Strike
0-1: Ball
1-1: Grounds into double play, 4-6-3 (Groundball, 34)
Batting: RHB Ramón Ávila 0-0: Foul Ball, location: 2F
0-1: Ball
1-1: Hit by Pitch
Batting: RHB Héctor Cantú 0-0: Ground out 5-3 (Groundball, 56)
Bottom of the 5th over - 0 run(s), 0 hit(s), 0 error(s), 1 left on base; San Antonio 6 - Salem 5
TOP OF THE 6TH
San Antonio BC batting - Pitching for Salem Misfits : RHP Edgardo Alvarado
Batting: RHB Martín Álvarez 0-0: Called Strike
0-1: Foul Ball, location: 2F
0-2: Foul Ball, location: 2F
0-2: Ball
1-2: Ball
2-2: Foul Ball, location: 2F
2-2: Foul Ball, location: 2F
2-2: Ball
3-2: Strikes out swinging
Batting: RHB Rodney Hanna 0-0: Ball
1-0: Fly out, F7 (Flyball, 78M)
Batting: RHB Marvin Hayes 0-0: Swinging Strike
0-1: Called Strike
0-2: Ball
1-2: Strikes out swinging
Top of the 6th over - 0 run(s), 0 hit(s), 0 error(s), 0 left on base; San Antonio 6 - Salem 5
BOTTOM OF THE 6TH
Salem Misfits batting - Pitching for San Antonio BC : RHP Chris Smith
Batting: RHB Jesús Cisneros 0-0: Called Strike
0-1: Ball
1-1: Reached on error, E2 (Groundball, 15S)
Batting: RHB Raúl Reyna 0-0: Foul Ball, location: 2F
0-1: Ball
1-1: Ball
2-1: Ground out 6-3 (Groundball, 6)
Jesús Cisneros to third
Batting: RHB Steve Duncan 0-0: Ball
1-0: Ball
2-0: Foul Ball, location: 2F
2-1: Ground out 5-3 (Groundball, 5S)
Batting: LHB José Corona 0-0: Called Strike
0-1: Foul Ball, location: 2F
0-2: Strikes out looking
Bottom of the 6th over - 0 run(s), 0 hit(s), 1 error(s), 1 left on base; San Antonio 6 - Salem 5
TOP OF THE 7TH
San Antonio BC batting - Pitching for Salem Misfits : RHP Edgardo Alvarado
Batting: SHB Ricardo Pérez 0-0: Ball
1-0: Fly out, F9 (Flyball, 9S)
Batting: RHB Alfredo Rivera 0-0: Called Strike
0-1: Ball
1-1: Ball
2-1: Swinging Strike
2-2: Strikes out swinging
Batting: LHB Miguel García 0-0: DOUBLE (Line Drive, 78M)
Batting: RHB Dennis Morrow 0-0: Fly out, F1 (Popup, 25)
Top of the 7th over - 0 run(s), 1 hit(s), 0 error(s), 1 left on base; San Antonio 6 - Salem 5
BOTTOM OF THE 7TH
Salem Misfits batting - Pitching for San Antonio BC : RHP Chris Smith
Now at 1B: Luis Campos
Batting: SHB Fernando Sánchez 0-0: Ball
1-0: Called Strike
1-1: Ball
2-1: Foul Ball, location: 2F
2-2: Strikes out looking
Batting: RHB Ernesto Souza 0-0: Ball
1-0: Called Strike
1-1: DOUBLE (Line Drive, 7LS)
Batting: LHB Brent van Schoonhoven 0-0: Ball
1-0: Ball
2-0: Called Strike
2-1: Swinging Strike
2-2: Foul Ball, location: 2F
2-2: Ball
3-2: Foul Ball, location: 2F
3-2: Base on Balls
Pitching: LHP Gerard McCall
Batting: RHB Ramón Ávila 0-0: Ball
1-0: Ball
2-0: DOUBLE (Line Drive, 89XD)
Ernesto Souza scores
Brent van Schoonhoven to third
Batting: RHB Héctor Cantú 0-0: Ball
1-0: Called Strike
1-1: Ball
2-1: Fly out, F8 (Flyball, 8RM)
Runner from 3rd tags up, SCORES, throw made
Batting: RHB Jesús Cisneros 0-0: Ball
1-0: Foul Ball, location: 2F
1-1: Ball
2-1: Swinging Strike
2-2: Strikes out swinging
Bottom of the 7th over - 2 run(s), 2 hit(s), 0 error(s), 1 left on base; San Antonio 6 - Salem 7
TOP OF THE 8TH
San Antonio BC batting - Pitching for Salem Misfits : RHP Edgardo Alvarado
Pitching: LHP Dorian Daly
Now at C: Miguel Torres
Batting: RHB António Sánchez 0-0: Swinging Strike
0-1: Swinging Strike
0-2: Ball
1-2: SINGLE (Line Drive, 89S)
Batting: RHB Jake Castle 0-0: Sac Bunt - play at first, batter OUT! 5-4
António Sánchez to second
Pinch Hitting: RHB Carlos Santos 0-0: Called Strike
0-1: Ball
1-1: Swinging Strike
1-2: Ball
2-2: Strikes out swinging
Batting: RHB Rodney Hanna 0-0: Called Strike
0-1: Ball
1-1: Ball
2-1: Swinging Strike
2-2: Ball
3-2: Strikes out swinging
Top of the 8th over - 0 run(s), 1 hit(s), 0 error(s), 1 left on base; San Antonio 6 - Salem 7
BOTTOM OF THE 8TH
Salem Misfits batting - Pitching for San Antonio BC : LHP Gerard McCall
Now at 3B: Mariano Ramírez
Batting: RHB Raúl Reyna 0-0: Ball
1-0: Foul Ball, location: 2F
1-1: Ground out 6-3 (Groundball, 6)
Batting: RHB Steve Duncan 0-0: Fly out, F8 (Line Drive, 8LS)
Batting: LHB José Corona 0-0: Ball
1-0: Called Strike
1-1: Swinging Strike
1-2: Strikes out swinging
Bottom of the 8th over - 0 run(s), 0 hit(s), 0 error(s), 0 left on base; San Antonio 6 - Salem 7
TOP OF THE 9TH
San Antonio BC batting - Pitching for Salem Misfits : LHP Dorian Daly
Pitching: RHP Rob Rocha
Batting: RHB Marvin Hayes 0-0: Foul Ball, location: 2F
0-1: Foul Ball, location: 2F
0-2: Foul Ball, location: 2F
0-2: Strikes out swinging
Batting: SHB Ricardo Pérez 0-0: Ball
1-0: Ball
2-0: Swinging Strike
2-1: Ball
3-1: Base on Balls
Pinch Hitting: LHB Álex Ramírez 0-0: Ball
1-0: Ball
2-0: Ball
3-0: Base on Balls
Ricardo Pérez to second
Batting: LHB Miguel García 0-0: Fielders Choice at 2nd, 3-6 (Groundball, 3)
Ricardo Pérez to third
Batting: RHB Dennis Morrow 0-0: SINGLE (Groundball, 34D)
Ricardo Pérez scores
Miguel García to second
Runner from 2nd tries for 3rd, SAFE, no throw or cutoff
Batting: RHB António Sánchez 0-0: Foul Ball, location: 2F
0-1: Foul Ball, location: 2F
0-2: Ball
1-2: Ball
2-2: Foul Ball, location: 2F
2-2: Strikes out swinging
Top of the 9th over - 1 run(s), 1 hit(s), 0 error(s), 2 left on base; San Antonio 7 - Salem 7
BOTTOM OF THE 9TH
Salem Misfits batting - Pitching for San Antonio BC : LHP Gerard McCall
Pitching: LHP Stanton Miranda
Now in LF: Álex Ramírez
Batting: SHB Fernando Sánchez 0-0: Ball
1-0: Fly out, F7 (Flyball, 7LM)
Batting: RHB Ernesto Souza 0-0: Called Strike
0-1: Foul Ball, location: 2F
0-2: Foul Ball, location: 2F
0-2: Ball
1-2: Strikes out swinging
Batting: LHB Brent van Schoonhoven 0-0: Ground out 4-3 (Groundball, 4)
Bottom of the 9th over - 0 run(s), 0 hit(s), 0 error(s), 0 left on base; San Antonio 7 - Salem 7
TOP OF THE 10TH
San Antonio BC batting - Pitching for Salem Misfits : RHP Rob Rocha
Pinch Hitting: LHB Gonzalo Durán 0-0: Ball
1-0: Fly out, F9 (Flyball, 89S)
Batting: RHB Mariano Ramírez 0-0: Ball
1-0: Called Strike
1-1: Fly out, F8 (Popup, 8LS)
Pinch Hitting: LHB Jim Unknown 0-0: Ball
1-0: Ball
2-0: Called Strike
2-1: Swinging Strike
2-2: Ground out 6-3 (Groundball, 6)
Top of the 10th over - 0 run(s), 0 hit(s), 0 error(s), 0 left on base; San Antonio 7 - Salem 7
BOTTOM OF THE 10TH
Salem Misfits batting - Pitching for San Antonio BC : LHP Stanton Miranda
Now at C: Felipe Jiménez
Now in RF: Gonzalo Durán
Batting: RHB Ramón Ávila 0-0: Ball
1-0: Called Strike
1-1: Foul Ball, location: 2F
1-2: Foul Ball, location: 2F
1-2: Fly out, F9 (Popup, 9S)
Batting: RHB Miguel Torres 0-0: Foul Ball, location: 2F
0-1: Called Strike
0-2: Ball
1-2: Ground out 4-3 (Groundball, 4)
Batting: RHB Jesús Cisneros 0-0: Called Strike
0-1: Called Strike
0-2: Foul Ball, location: 2F
0-2: Ball
1-2: Ball
2-2: SINGLE (Groundball, 4MD)
Batting: RHB Raúl Reyna 0-0: Ground out 1-3 (Groundball, 15S)
Bottom of the 10th over - 0 run(s), 1 hit(s), 0 error(s), 1 left on base; San Antonio 7 - Salem 7
TOP OF THE 11TH
San Antonio BC batting - Pitching for Salem Misfits : RHP Rob Rocha
Pitching: LHP Jim Unknown
Batting: RHB Marvin Hayes 0-0: Ball
1-0: DOUBLE (Line Drive, 7LS)
Batting: SHB Ricardo Pérez 0-0: Ball
1-0: Foul Ball, location: 2F
1-1: Foul Ball, location: 2F
1-2: Ball
2-2: SINGLE (Line Drive, 7S)
Marvin Hayes to third
Runner from 3rd tries for Home, SAFE, no throw or cutoff
Pinch Hitting: SHB Lionel Merlet 0-0: Ball
1-0: Called Strike
1-1: Fly out, F7 (Flyball, 78M)
Batting: LHB Miguel García 0-0: Ball
1-0: Ball
2-0: Called Strike
2-1: Called Strike
2-2: Fly out, F4 (Line Drive, 4)
Batting: RHB Dennis Morrow 0-0: Called Strike
0-1: Ball
1-1: Ball
2-1: Swinging Strike
2-2: Ground out 3-1 (Groundball, 34)
Top of the 11th over - 1 run(s), 2 hit(s), 0 error(s), 1 left on base; San Antonio 8 - Salem 7
BOTTOM OF THE 11TH
Salem Misfits batting - Pitching for San Antonio BC : LHP Stanton Miranda
Pitching: RHP Adam Green
Now in LF: Lionel Merlet
Batting: RHB Steve Duncan 0-0: Fly out, F8 (Flyball, 8LM)
Batting: LHB José Corona 0-0: Ball
1-0: Called Strike
1-1: Ball
2-1: Foul Ball, location: 2F
2-2: Ball
3-2: Base on Balls
Batting: SHB Fernando Sánchez 0-0: Called Strike
0-1: Ball
1-1: Ball
2-1: Ball
3-1: Foul Ball, location: 2F
3-2: Grounds into double play, 4-6-3 (Groundball, 4)
Bottom of the 11th over - 0 run(s), 0 hit(s), 0 error(s), 0 left on base; San Antonio 8 - Salem 7
This league is powered by Out of the Park Baseball, the baseball management simulation game for PC, Mac and Linux
Monday, October 3rd, 2016 - OOTP Baseball 16.9 Build 39